 Dungeon Crawl Stone Soup version 0.29.0-7-g18a832c13a (webtiles) character file.

Game seed: 7628857335447582265

1614 NinjaNoafa the Fanfare of Bloodshed (level 8, -4/62 (68) HPs)
             Began as a Hill Orc Monk on Aug 30, 2022.
             Was a Believer of Makhleb.
             Slain by an orc
             ... wielding a +0 flail
              (6 damage)
             ... on level 6 of the Dungeon.
             The game lasted 00:11:01 (5736 turns).

NinjaNoafa the Fanfare of Bloodshed (Hill Orc Monk) Turns: 5736, Time: 00:11:02

HP:   -4/62 (68)    AC: 12    Str: 14 (16) XL:     8   Next: 95%
MP:   13/13         EV:  4    Int:  9 (12) God:    Makhleb [**....]
Gold: 454           SH:  4    Dex: 11 (13) Spells: 7/7 levels left

rFire   . . .      SeeInvis +   u - +9 dagger of Liffiwke {freeze, *Rage rC++ Int+2 SInv}
rCold   + + .      Faith    .   o - +0 buckler
rNeg    . . .      Spirit   .   r - +0 plate armour
rPois   .          Reflect  .   t - +0 helmet
rElec   .          Harm     .   k - scarf {repulsion}
rCorr   .          Rampage  .   (no gloves)
Will    .....      Rage     20% (no boots)
Stlth   ..........              (no amulet)
HPRegen 0.20/turn               (no ring)
MPRegen 0.13/turn               (no ring)

@: on berserk cooldown, drained, repel missiles
A: no striking features
a: Renounce Religion, Minor Destruction


You were on level 6 of the Dungeon.
You worshipped Makhleb.
Makhleb was pleased with you.
You visited 1 branch of the dungeon, and saw 6 of its levels.

You collected 454 gold pieces.

Inventory:

Hand Weapons
 u - the +9 dagger of Liffiwke (weapon) {freeze, *Rage rC++ Int+2 SInv}
   (You found it on level 4 of the Dungeon)

   It freezes those it strikes, dealing additional cold damage.
   It can also slow down cold-blooded creatures.
   Int:       It affects your intelligence (+2).
   rC:        It greatly protects you from cold.
   SInv:      It lets you see invisible.
   *Rage:     It berserks you when you make melee attacks (+20% chance).
Missiles
 e - 37 stones
 n - 10 poisoned darts (quivered)
Armour
 k - a scarf of repulsion (worn)
 o - a +0 buckler (worn)
 r - a +0 plate armour (worn)
 t - a +0 helmet (worn)
Wands
 y - a wand of paralysis (12)
Scrolls
 d - 2 scrolls of vulnerability
 h - a scroll of summoning
 l - a scroll of amnesia
 q - a scroll of enchant weapon {unknown}
 s - a scroll of teleportation {unknown}
 w - a scroll of magic mapping {unknown}
 x - 2 scrolls of fog {unknown}
 A - a scroll of noise {unknown}
Potions
 a - 3 potions of curing
 f - a potion of resistance
 i - a potion of mutation {unknown}
 j - a potion of cancellation
 m - 3 potions of lignification
 p - a potion of might {unknown}
 v - 3 potions of heal wounds {unknown}


   Skills:
 - Level 5.0 Fighting
 - Level 5.0 Short Blades
 - Level 5.0 Axes
 - Level 4.0 Armour
 - Level 2.4 Dodging
 - Level 1.5 Stealth
 - Level 4.0 Shields
 - Level 7.0 Invocations
 + Level 4.2 Evocations


You had 7 spell levels left.
You didn't know any spells.
Your spell library contained the following spells:

 Spells                   Type           Power      Damage    Failure   Level
 Apportation              Tloc           0%         N/A       100%        1
 Necrotise                Necr           0%         1d4       100%        1
 Summon Small Mammal      Summ           0%         N/A       100%        1


Dungeon Overview and Level Annotations

Branches:
Dungeon (6/15)             Temple (0/1) D:5

Altars:
Dithmenos
Makhleb
Wu Jian
The Shining One


Message History

An orc comes into view. It is wielding a +0 hand axe.
The wight barely misses you.
The water moccasin bites you but does no damage.
Okay, then.
The orc shouts!
You block the water moccasin's attack. The wight barely misses you.
Things that are here:
a +4 halberd of freezing; a +0 robe You feel a strong urge to attack something.
You feel your anger nearly subside.
You are no longer berserk.
You are exhausted.
You feel yourself slow down.
You are confused.
You feel invigorated. The water moccasin bites you.
* * * LOW HITPOINT WARNING * * *
The wight barely misses you. The water moccasin barely misses you.
It was a potion of curing.
You feel better.
You feel less invigorated.
The water moccasin bites you but does no damage.
The wight hits you from afar with a +4 halberd.
The water moccasin bites you but does no damage.
The orc hits you but does no damage. The wight hits you but does no damage.
It was a potion of degeneration.
There was something very wrong with that liquid.
You feel weakened.
You feel dopey.
You feel clumsy. The water moccasin bites you.
* * * LOW HITPOINT WARNING * * *
The wight barely misses you. x2; You block the orc's attack.
You block the water moccasin's attack.
It was a potion of cancellation.
Your magical effects are unravelling.
You feel magically purged.
You feel yourself speed up.
The water moccasin bites you but does no damage.
The wight hits you but does no damage.
The wight hits you from afar with a +0 halberd!
* * * LOW HITPOINT WARNING * * *
You feel drained.
* * * LOW HITPOINT WARNING * * *
The orc hits you with a +0 flail.
You die...

#..
#.......###.........
#.
.........###.......##
.........#.#........
.....................
......#.............
......##........###
.....# #........#
....# #.ozo....#
....#.#.ozS@...#
..o....o#.#.(.#
....#..)###...#
....##....#...#
##.....z.....#
##..........#
#..........#
#............
#......#.#.....


You could see a water moccasin, 2 wights and 4 orcs.

Vanquished Creatures
  Pikel (D:5)
  Eustachio (D:6)
  Duvessa (D:4)
  2 centaurs
  A phantom (D:4)
  4 lemures (D:5)
  A bullfrog (D:5)
  A scorpion (D:6)
  A wight (D:6)
  Dowan (D:4)
  2 hounds (D:5)
  A jelly (D:6)
  An orc priest (D:5)
  An iguana (D:6)
  Natasha (D:3)
  4 orc wizards (D:5)
  4 adders
  A shadow imp (D:5)
  2 white imps (D:5)
  A worm (D:2)
  A dart slug (D:1)
  11 orcs
  7 ball pythons
  5 bats
  7 endoplasms
  2 giant cockroaches
  7 goblins
  9 hobgoblins
  4 jackals (D:3)
  7 kobolds
  3 quokkas
  8 frilled lizards
  2 rats
105 creatures vanquished.

Vanquished Creatures (collateral kills)
  Blork the orc (D:5)
1 creature vanquished.

Grand Total: 106 creatures vanquished

Notes
Turn   | Place    | Note
-------+----------+-------------------------------------------
     0 | D:1      | NinjaNoafa the Hill Orc Monk began the quest for the Orb.
     0 | D:1      | Reached XP level 1. HP: 19/19 MP: 1/1
   285 | D:1      | Reached skill level 1 in Armour
   337 | D:1      | Reached XP level 2. HP: 27/27 MP: 2/2
   785 | D:1      | Found a faded altar of an unknown god.
   855 | D:1      | Reached XP level 3. HP: 31/33 MP: 3/3
  2181 | D:3      | Noticed Natasha
  2195 | D:3      | Killed Natasha
  2196 | D:3      | Reached skill level 1 in Shields
  2196 | D:3      | Reached XP level 4. HP: 28/40 MP: 4/4
  3009 | D:3      | Found a burning altar of Makhleb.
  3029 | D:3      | Became a worshipper of Makhleb the Destroyer
  3029 | D:3      | Reached * piety under Makhleb
  3029 | D:3      | Reached ** piety under Makhleb
  3209 | D:4      | Noticed a phantom
  3218 | D:4      | Found an ornate altar of the Wu Jian Council.
  3248 | D:4      | Killed a phantom
  3249 | D:4      | Reached skill level 5 in Axes
  3249 | D:4      | Reached XP level 5. HP: 36/46 MP: 5/5
  3348 | D:4      | Noticed Duvessa
  3348 | D:4      | Noticed Dowan
  3450 | D:4      | Identified the +9 dagger of Liffiwke {freeze, *Rage rC++
                  | Int+2 SInv}
  3808 | D:4      | Killed Duvessa
  3809 | D:4      | Reached skill level 1 in Short Blades
  3809 | D:4      | Reached XP level 6. HP: 52/52 MP: 6/6
  3811 | D:4      | Killed Dowan
  4044 | D:5      | Entered Level 5 of the Dungeon
  4195 | D:5      | Reached XP level 7. HP: 46/59 MP: 7/7
  4333 | D:5      | Found a glowing golden altar of the Shining One.
  4418 | D:5      | Found a shadowy altar of Dithmenos.
  4418 | D:5      | Noticed Pikel
  4641 | D:5      | Killed Pikel
  4642 | D:5      | Reached skill level 5 in Short Blades
  4642 | D:5      | Reached skill level 5 in Fighting
  4642 | D:5      | Reached skill level 3 in Invocations
  4642 | D:5      | Reached XP level 8. HP: 68/68 MP: 7/10
  4681 | D:5      | Reached skill level 4 in Invocations
  4787 | D:5      | Noticed Blork the orc
  4802 | D:5      | Killed Blork the orc
  4808 | D:5      | Reached skill level 5 in Invocations
  4886 | D:5      | Found a staircase to the Ecumenical Temple.
  5006 | D:5      | Reached skill level 6 in Invocations
  5544 | D:6      | Reached skill level 7 in Invocations
  5576 | D:6      | Noticed Eustachio
  5590 | D:6      | Killed Eustachio
  5736 | D:6      | HP: 2/62 [wight/+0 halberd (4)]
  5736 | D:6      | Slain by an orc

Illustrated notes

Levels and vault maps discovered:
D:1:      heliophobic_arrival_henge, layout_basic,
          hellmonk_ecumenical_altar_leap_of_faith
D:2:      layout_loops_ring, grunt_decor_fettered
D:3:      layout_basic, mainiacjoe_overflow_chevrons, grunt_ministairs_15,
          grunt_decor_mini_mirrors, uniq_natasha
D:4:      layout_rooms, nicolae_wu_jian_wuxing_cycle, uniq_duvessa
D:5:      layout_basic, nicolae_overflow_hidden_temple,
          nicolae_tso_swordbearing_angel, minmay_temple_entry_enclosed_plants,
          uniq_blork_the_orc, uniq_pikel
D:6:      layout_cave_pools, gammafunk_ghost_smash, uniq_eustachio

Skill      XL: |  1  2  3  4  5  6  7  8 |
---------------+-------------------------+-----
Armour         | 1 2 3 4 |  4.0
Fighting       | 4 5 |  5.0
Shields        | 1 2 4 |  4.0
Axes           | 5 |  5.0
Short Blades   | 1 3 5 |  5.0
Invocations    | 3 7 |  7.0
Evocations     | 4 |  4.2
Dodging        | |  2.4
Stealth        | |  1.5

Action                   |  1- 3 |  4- 6 |  7- 9 || total
-------------------------+-------+-------+-------++-------
Melee: War axe           |   102 |    78 |       ||   180
       Hand axe          |     8 |       |       ||     8
       Dagger            |       |    42 |    88 ||   130
Invok: Minor Destruction |       |     3 |     2 ||     5
  Use: Scroll            |       |     3 |     2 ||     5
       Potion            |       |       |     4 ||     4
Armor: Robe              |     9 |       |       ||     9
       Ring mail         |    21 |       |       ||    21
       Plate armour      |    13 |    89 |    50 ||   152
       Scale mail        |     3 |       |       ||     3
Dodge: Dodged            |    72 |    30 |    16 ||   118
       Repelled          |       |       |     1 ||     1
Block: Buckler           |     7 |    27 |    26 ||    60
